| TOP OF THE 1ST |
|
Chicago (APP) Cubs batting - Pitching for Helena Brewers : LHP Nolan Stefanski
|
|
Pitching: LHP Nolan Stefanski
|
|
|
Batting: RHB Randy Schmitt
|
0-0: Ground out 5-3 (Groundball, 5, EV 101.9 MPH)
|
|
Batting: SHB Andrew Baron
|
0-0: Called Strike 0-1: Ball 1-1: Ball 2-1: Foul Ball, location: 2F 2-2: Strikes out swinging
|
|
Batting: RHB Tak-keung Chieu
|
0-0: Ball 1-0: Ball 2-0: Foul Ball, location: 2F 2-1: Ball 3-1: Foul Ball, location: 2F 3-2: Base on Balls
|
|
Batting: RHB Jake Mitchell
|
0-0: Swinging Strike 0-1: Ball 1-1: Foul Ball, location: 2F 1-2: Foul Ball, location: 2F 1-2: Foul Ball, location: 2F 1-2: Strikes out swinging
|
| Top of the 1st over - 0 runs, 0 hits, 0 errors, 1 left on base; Chicago (APP) 0 - Helena 0 |
| BOTTOM OF THE 1ST |
|
Helena Brewers batting - Pitching for Chicago (APP) Cubs : RHP Carlos Zavala
|
|
Pitching: RHP Carlos Zavala
|
|
|
Batting: RHB Nick Cummings
|
0-0: Ball 1-0: Ball 2-0: DOUBLE (Line Drive, 7LM, EV 111.9 MPH)
|
|
Batting: SHB Mike Williams
|
0-0: 2-RUN HOME RUN (Flyball, 7D, EV 97.5 MPH), Distance : 371 ft
|
|
Batting: LHB Gabe Harvey
|
0-0: Called Strike 0-1: Foul Ball, location: 2F 0-2: Ball 1-2: Strikes out looking
|
|
Batting: RHB Josh Nelson
|
0-0: Called Strike 0-1: Called Strike 0-2: Ball 1-2: Strikes out swinging
|
|
Batting: RHB Ben Taylor
|
0-0: Called Strike 0-1: Ball 1-1: Called Strike 1-2: Ball 2-2: Ball 3-2: Base on Balls
|
|
Pitching: LHP Eddie Panagos
|
|
|
Batting: SHB Craig Wright
|
0-0: Ball 1-0: Ball 2-0: Ball 3-0: Called Strike 3-1: Fielders Choice at 2nd, 6-4 (Groundball, 56, EV 100.0 MPH)
|
| Bottom of the 1st over - 2 runs, 2 hits, 0 errors, 1 left on base; Chicago (APP) 0 - Helena 2 |
| TOP OF THE 2ND |
|
Chicago (APP) Cubs batting - Pitching for Helena Brewers : LHP Nolan Stefanski
|
|
Batting: RHB Julio Arteaga
|
0-0: Swinging Strike 0-1: Ball 1-1: Foul Ball, location: 2F 1-2: Strikes out swinging
|
|
Batting: RHB Jake Newman
|
0-0: Ball 1-0: Ground out 4-3 (Groundball, 4, EV 83.8 MPH)
|
|
Batting: RHB Dwight Bean
|
0-0: Foul Ball, location: 2F 0-1: Foul Ball, location: 2F 0-2: Ball 1-2: Strikes out swinging
|
| Top of the 2nd over - 0 runs, 0 hits, 0 errors, 0 left on base; Chicago (APP) 0 - Helena 2 |
| BOTTOM OF THE 2ND |
|
Helena Brewers batting - Pitching for Chicago (APP) Cubs : LHP Eddie Panagos
|
|
Batting: LHB Umar Matoub
|
0-0: Ball 1-0: Ball 2-0: Foul Ball, location: 2F 2-1: Foul Ball, location: 2F 2-2: Fly out, F4 (Popup, 34, EV 73.8 MPH)
|
|
Batting: RHB Dustin Pryor
|
0-0: Ball 1-0: Foul Ball, location: 2F 1-1: Ball 2-1: Foul Ball, location: 2F 2-2: Foul Ball, location: 2F 2-2: Ball 3-2: Foul Ball, location: 2F 3-2: SINGLE (Flyball, 8RS, EV 91.9 MPH)
|
|
Pitching: RHP Ryan Masterson
|
|
|
Batting: RHB Juan Villanueva
|
0-0: Ball 1-0: Ball Dustin Pryor steals 2nd base 2-0: Called Strike 2-1: Swinging Strike 2-2: Foul Ball, location: 2F 2-2: Strikes out swinging
|
|
Batting: RHB Nick Cummings
|
0-0: Called Strike 0-1: Ball 1-1: Called Strike 1-2: Ball 2-2: Ball 3-2: Foul Ball, location: 2F 3-2: Base on Balls
|
|
Batting: SHB Mike Williams
|
0-0: Ball 1-0: Foul Ball, location: 2F 1-1: Swinging Strike 1-2: Ball 2-2: Foul Ball, location: 2F 2-2: Ball 3-2: Strikes out looking
|
| Bottom of the 2nd over - 0 runs, 1 hit, 0 errors, 2 left on base; Chicago (APP) 0 - Helena 2 |
| TOP OF THE 3RD |
|
Chicago (APP) Cubs batting - Pitching for Helena Brewers : LHP Nolan Stefanski
|
|
Batting: RHB Josh MacQueen
|
0-0: Swinging Strike 0-1: Swinging Strike 0-2: Strikes out swinging
|
|
Batting: LHB Arnaldo Cardamenho
|
0-0: Ball 1-0: Fly out, F7 (Flyball, 7LM, EV 82.5 MPH)
|
|
Batting: RHB Randy Schmitt
|
0-0: Called Strike 0-1: Foul Ball, location: 2F 0-2: Ball 1-2: Ball 2-2: Strikes out swinging
|
| Top of the 3rd over - 0 runs, 0 hits, 0 errors, 0 left on base; Chicago (APP) 0 - Helena 2 |
| BOTTOM OF THE 3RD |
|
Helena Brewers batting - Pitching for Chicago (APP) Cubs : RHP Ryan Masterson
|
|
Pitching: RHP Rob Craft
|
|
|
Batting: LHB Gabe Harvey
|
0-0: SINGLE (Line Drive, 4MD, EV 99.4 MPH)
|
|
Batting: RHB Josh Nelson
|
0-0: Called Strike 0-1: Ball 1-1: Ball 2-1: Ball 3-1: Foul Ball, location: 2F 3-2: Base on Balls Gabe Harvey to second
|
|
Batting: RHB Ben Taylor
|
0-0: Called Strike 0-1: Fly out, F6 (Flyball, 56D, EV 83.8 MPH)
|
|
Batting: SHB Craig Wright
|
0-0: Ball 1-0: SINGLE (Line Drive, 7S, EV 85.6 MPH) Gabe Harvey to third Josh Nelson to second Runner from 3rd tries for Home, SAFE, throw by LF to trailing runner, OUT at third! 7-6-5
|
|
Batting: LHB Umar Matoub
|
0-0: Hit by Pitch Craig Wright to second
|
|
Batting: RHB Dustin Pryor
|
0-0: Foul Ball, location: 2F 0-1: Ball 1-1: Fly out, F8 (Flyball, 78D, EV 96.2 MPH)
|
| Bottom of the 3rd over - 1 run, 2 hits, 0 errors, 2 left on base; Chicago (APP) 0 - Helena 3 |
| TOP OF THE 4TH |
|
Chicago (APP) Cubs batting - Pitching for Helena Brewers : LHP Nolan Stefanski
|
|
Batting: SHB Andrew Baron
|
0-0: Swinging Strike 0-1: Ball 1-1: Called Strike 1-2: Strikes out swinging
|
|
Batting: RHB Tak-keung Chieu
|
0-0: Ground out 6-3 (Groundball, 6, EV 101.2 MPH)
|
|
Batting: RHB Jake Mitchell
|
0-0: Called Strike 0-1: Swinging Strike 0-2: Ball 1-2: Ball 2-2: Strikes out swinging
|
| Top of the 4th over - 0 runs, 0 hits, 0 errors, 0 left on base; Chicago (APP) 0 - Helena 3 |
| BOTTOM OF THE 4TH |
|
Helena Brewers batting - Pitching for Chicago (APP) Cubs : RHP Rob Craft
|
|
Batting: RHB Juan Villanueva
|
0-0: Fly out, F9 (Flyball, 9D, EV 100.6 MPH)
|
|
Batting: RHB Nick Cummings
|
0-0: Foul Ball, location: 2F 0-1: TRIPLE (Groundball, 5L, EV 98.1 MPH)
|
|
Pitching: LHP Neal Brody
|
|
|
Batting: SHB Mike Williams
|
0-0: Foul Ball, location: 2F 0-1: Ground out 4-3 (Groundball, 4S, EV 93.8 MPH) Nick Cummings scores
|
|
Batting: LHB Gabe Harvey
|
0-0: Ball 1-0: Ball 2-0: Ball 3-0: Base on Balls
|
|
Batting: RHB Josh Nelson
|
0-0: Called Strike 0-1: Called Strike 0-2: Ball 1-2: Foul Ball, location: 2F 1-2: Ball 2-2: Ball 3-2: Base on Balls Gabe Harvey to second
|
|
Batting: RHB Ben Taylor
|
0-0: Called Strike 0-1: Ball 1-1: Ball 2-1: Ball 3-1: Called Strike 3-2: Strikes out swinging
|
| Bottom of the 4th over - 1 run, 1 hit, 0 errors, 2 left on base; Chicago (APP) 0 - Helena 4 |
| TOP OF THE 5TH |
|
Chicago (APP) Cubs batting - Pitching for Helena Brewers : LHP Nolan Stefanski
|
|
Batting: RHB Julio Arteaga
|
0-0: Ball 1-0: Ball 2-0: Ground out 5-3 (Groundball, 56, EV 86.2 MPH)
|
|
Batting: RHB Jake Newman
|
0-0: Foul Ball, location: 2F 0-1: Foul Ball, location: 2F 0-2: Ball 1-2: Ball 2-2: Foul Ball, location: 2F 2-2: Strikes out looking
|
|
Batting: RHB Dwight Bean
|
0-0: Ball 1-0: Foul Ball, location: 2F 1-1: SINGLE (Groundball, 6MD, EV 101.9 MPH)
|
|
Batting: RHB Josh MacQueen
|
0-0: Called Strike 0-1: Ground out 4-3 (Groundball, 4S, EV 92.5 MPH)
|
| Top of the 5th over - 0 runs, 1 hit, 0 errors, 1 left on base; Chicago (APP) 0 - Helena 4 |
| BOTTOM OF THE 5TH |
|
Helena Brewers batting - Pitching for Chicago (APP) Cubs : LHP Neal Brody
|
|
Pitching: RHP Karl Stuart
|
|
|
Batting: SHB Craig Wright
|
0-0: Called Strike 0-1: Ball 1-1: SINGLE (Groundball, 34D, EV 106.2 MPH)
|
|
Batting: LHB Umar Matoub
|
0-0: Ball 1-0: Ball 2-0: Foul Ball, location: 2F 2-1: Ball 3-1: Foul Ball, location: 2F 3-2: SINGLE (Groundball, 4MS, EV 61.2 MPH) (infield hit) Craig Wright to second
|
|
Batting: RHB Dustin Pryor
|
0-0: Ball 1-0: Ball 2-0: Foul Ball, location: 9LSF, Error on foul ball, E9 2-1: Fly out, F6 (Line Drive, 6, EV 65.0 MPH) Lined into DP, 6-4 (Line Drive, 6, EV 71.9 MPH)
|
|
Batting: RHB Juan Villanueva
|
0-0: DOUBLE (Line Drive, 5D, EV 100.0 MPH) Umar Matoub to third Runner from 3rd tries for Home, SAFE, no throw by LF
|
|
Batting: RHB Nick Cummings
|
0-0: Ball 1-0: Ball 2-0: Ball 3-0: Called Strike 3-1: Base on Balls
|
|
Batting: SHB Mike Williams
|
0-0: Ball 1-0: Swinging Strike 1-1: Called Strike 1-2: Ball 2-2: Ball 3-2: Foul Ball, location: 2F 3-2: Base on Balls Juan Villanueva to third Nick Cummings to second
|
|
Batting: LHB Gabe Harvey
|
0-0: Ground out 4-3 (Groundball, 4, EV 105.0 MPH)
|
| Bottom of the 5th over - 1 run, 3 hits, 1 error, 3 left on base; Chicago (APP) 0 - Helena 5 |
| TOP OF THE 6TH |
|
Chicago (APP) Cubs batting - Pitching for Helena Brewers : LHP Nolan Stefanski
|
|
Batting: LHB Arnaldo Cardamenho
|
0-0: Foul Ball, location: 2F 0-1: Foul Ball, location: 2F 0-2: Foul Ball, location: 2F 0-2: Strikes out looking
|
|
Batting: RHB Randy Schmitt
|
0-0: Swinging Strike 0-1: Swinging Strike 0-2: Strikes out looking
|
|
Batting: SHB Andrew Baron
|
0-0: Ball 1-0: Foul Ball, location: 2F 1-1: Swinging Strike 1-2: Strikes out looking
|
| Top of the 6th over - 0 runs, 0 hits, 0 errors, 0 left on base; Chicago (APP) 0 - Helena 5 |
| BOTTOM OF THE 6TH |
|
Helena Brewers batting - Pitching for Chicago (APP) Cubs : RHP Karl Stuart
|
|
Batting: RHB Josh Nelson
|
0-0: Ball 1-0: Ball 2-0: Ball 3-0: Called Strike 3-1: Ground out 6-3 (Groundball, 6, EV 106.2 MPH)
|
|
Batting: RHB Ben Taylor
|
0-0: Ball 1-0: Swinging Strike 1-1: Foul Ball, location: 2F 1-2: Foul Ball, location: 2F 1-2: Ball 2-2: SINGLE (Groundball, 56S, EV 65.6 MPH) (infield hit)
|
|
Batting: SHB Craig Wright
|
0-0: Ball 1-0: SINGLE (Line Drive, 6MD, EV 99.4 MPH) Ben Taylor to second Runner from 2nd tries for 3rd, SAFE, throw by CF made to third
|
|
Batting: LHB Umar Matoub
|
0-0: Grounds into double play, 4-6-3 (Groundball, 4, EV 85.6 MPH)
|
| Bottom of the 6th over - 0 runs, 2 hits, 0 errors, 1 left on base; Chicago (APP) 0 - Helena 5 |
| TOP OF THE 7TH |
|
Chicago (APP) Cubs batting - Pitching for Helena Brewers : LHP Nolan Stefanski
|
|
Batting: RHB Tak-keung Chieu
|
0-0: Ball 1-0: Ball 2-0: Fly out, F9 (Flyball, 9LM, EV 96.2 MPH)
|
|
Pitching: RHP Guillermo Delgado
|
|
|
Batting: RHB Jake Mitchell
|
0-0: Fly out, F2 (Popup, 23F, EV 82.5 MPH)
|
|
Batting: RHB Julio Arteaga
|
0-0: Called Strike 0-1: Ball 1-1: Ball 2-1: Ball 3-1: Swinging Strike 3-2: Foul Ball, location: 2F 3-2: Strikes out looking
|
| Top of the 7th over - 0 runs, 0 hits, 0 errors, 0 left on base; Chicago (APP) 0 - Helena 5 |
| BOTTOM OF THE 7TH |
|
Helena Brewers batting - Pitching for Chicago (APP) Cubs : RHP Karl Stuart
|
|
Batting: RHB Dustin Pryor
|
0-0: Ball 1-0: Called Strike 1-1: Called Strike 1-2: Ball 2-2: Foul Ball, location: 2F 2-2: Ball 3-2: Foul Ball, location: 2F 3-2: Base on Balls
|
|
Batting: RHB Juan Villanueva
|
0-0: Called Strike 0-1: Ball 1-1: Called Strike 1-2: Strikes out swinging
|
|
Batting: RHB Nick Cummings
|
0-0: Called Strike 0-1: Ball 1-1: Foul Ball, location: 2F 1-2: Foul Ball, location: 2F 1-2: Ball Dustin Pryor steals 2nd base 2-2: Ball 3-2: Base on Balls
|
|
Batting: SHB Mike Williams
|
0-0: Called Strike 0-1: Foul Ball, location: 2F 0-2: Ball 1-2: 3-RUN HOME RUN (Flyball, 9D, EV 98.1 MPH), Distance : 380 ft
|
|
Pitching: RHP Dustin Buckner
|
|
|
Batting: LHB Gabe Harvey
|
0-0: Called Strike 0-1: Foul Ball, location: 2F 0-2: Ball 1-2: Ball 2-2: Foul Ball, location: 2F 2-2: Strikes out swinging
|
|
Pinch Hitting: RHB Michael Dickerson
|
0-0: Ball 1-0: Swinging Strike 1-1: Ball 2-1: Swinging Strike 2-2: Ball 3-2: Base on Balls
|
|
Batting: RHB Ben Taylor
|
0-0: Ball 1-0: Called Strike 1-1: Swinging Strike 1-2: Ball 2-2: Ball 3-2: Foul Ball, location: 2F 3-2: Foul Ball, location: 2F 3-2: 2-RUN HOME RUN (Flyball, 7D, EV 96.2 MPH), Distance : 382 ft
|
|
Batting: SHB Craig Wright
|
0-0: Foul Ball, location: 2F 0-1: SINGLE (Groundball, 34D, EV 98.8 MPH)
|
|
Pinch Hitting: RHB Eli Valles
|
0-0: Ball 1-0: Ball 2-0: Ball 3-0: Called Strike 3-1: Called Strike 3-2: Base on Balls Craig Wright to second
|
|
Batting: RHB Dustin Pryor
|
0-0: Swinging Strike 0-1: Called Strike 0-2: Ball 1-2: Fielders Choice at 2nd, U6 (Groundball, 6M, EV 86.2 MPH)
|
| Bottom of the 7th over - 5 runs, 3 hits, 0 errors, 2 left on base; Chicago (APP) 0 - Helena 10 |
| TOP OF THE 8TH |
|
Chicago (APP) Cubs batting - Pitching for Helena Brewers : RHP Guillermo Delgado
|
|
Now at 1B: Michael Dickerson
|
|
|
Now in LF: Eli Valles
|
|
|
Batting: RHB Jake Newman
|
0-0: Called Strike 0-1: Swinging Strike 0-2: Foul Ball, location: 2F 0-2: Foul Ball, location: 2F 0-2: Ball 1-2: Strikes out looking
|
|
Batting: RHB Dwight Bean
|
0-0: Called Strike 0-1: Ball 1-1: Ground out U3 (Groundball, 34, EV 101.2 MPH)
|
|
Batting: RHB Josh MacQueen
|
0-0: Ground out 6-3 (Groundball, 6, EV 91.9 MPH)
|
| Top of the 8th over - 0 runs, 0 hits, 0 errors, 0 left on base; Chicago (APP) 0 - Helena 10 |
| BOTTOM OF THE 8TH |
|
Helena Brewers batting - Pitching for Chicago (APP) Cubs : RHP Dustin Buckner
|
|
Batting: RHB Juan Villanueva
|
0-0: Called Strike 0-1: Ball 1-1: DOUBLE (Groundball, 5L, EV 108.8 MPH)
|
|
Batting: RHB Nick Cummings
|
0-0: Foul Ball, location: 2F 0-1: Foul Ball, location: 2F 0-2: Foul Ball, location: 2F 0-2: Ball 1-2: Ball Wild Pitch! Juan Villanueva to third 2-2: Ball 3-2: Foul Ball, location: 2F 3-2: Base on Balls
|
|
Batting: SHB Mike Williams
|
0-0: Called Strike 0-1: Swinging Strike 0-2: Ball 1-2: Strikes out swinging
|
|
Batting: LHB Gabe Harvey
|
0-0: Called Strike 0-1: Ball 1-1: Swinging Strike 1-2: Ball 2-2: Fly out, F9 (Line Drive, 9, EV 99.4 MPH) Runner from 3rd tags up, OUT at HOME! 9-2
|
| Bottom of the 8th over - 0 runs, 1 hit, 0 errors, 1 left on base; Chicago (APP) 0 - Helena 10 |
| TOP OF THE 9TH |
|
Chicago (APP) Cubs batting - Pitching for Helena Brewers : RHP Guillermo Delgado
|
|
Batting: LHB Arnaldo Cardamenho
|
0-0: Called Strike 0-1: Foul Ball, location: 2F 0-2: Ball 1-2: Strikes out swinging
|
|
Batting: RHB Randy Schmitt
|
0-0: Ball 1-0: SINGLE (Flyball, 6MD, EV 89.4 MPH)
|
|
Batting: SHB Andrew Baron
|
0-0: Foul Ball, location: 2F 0-1: Grounds into double play, 4-6-3 (Groundball, 4, EV 86.9 MPH)
|
| Top of the 9th over - 0 runs, 1 hit, 0 errors, 0 left on base; Chicago (APP) 0 - Helena 10 |
|